 Dungeon Crawl Stone Soup version 0.18.1-50-g88ac8fd (webtiles) character file.

211 Gargoyl the Skirmisher (level 5, 0/42 HPs)
             Began as a Demonspawn Abyssal Knight on Sept 14, 2016.
             Was a Believer of Lugonu.
             Slain by a gnoll
             ... wielding a +0 spear
              (4 damage)
             ... on level 3 of the Dungeon.
             The game lasted 00:04:56 (2606 turns).

Gargoyl the Skirmisher (Demonspawn Abyssal Knight)  Turns: 2606, Time: 00:04:58

Health: 0/42       AC: 14    Str: 13    XL:     5   Next: 57%
Magic:  7/7        EV: 10    Int: 14    God:    Lugonu [**....]
Gold:   108        SH:  0    Dex: 12    Spells: 0 memorised, 4 levels left

rFire  . . .     SeeInvis .     a - +1 hand axe
rCold  . . .     Gourm    .     m - +0 scale mail
rNeg   . . .     Faith    .     (no shield)
rPois  .         Spirit   .     f - +2 helmet
rElec  .         Dismiss  .     i - +0 cloak
rCorr  .         Reflect  .     (no gloves)
SustAt .         Harm     .     g - +0 pair of boots
MR     .....                    (no amulet)
Stlth  ..........               (no ring)
                                (no ring)

@: not resistant to hostile enchantments, extremely unstealthy
A: yellow scales 1
a: Depart the Abyss, Bend Space, Renounce Religion


You were on level 3 of the Dungeon.
You worshipped Lugonu.
Lugonu was pleased with you.
You were hungry.

You visited 1 branch of the dungeon, and saw 3 of its levels.
You visited the Abyss 1 time.

You collected 108 gold pieces.

Inventory:

Hand Weapons
 a - a +1 hand axe (weapon)
Armour
 f - a +2 helmet (worn)
 g - a +0 pair of boots (worn)
 i - a +0 cloak (worn)
 m - a +0 scale mail (worn)
Scrolls
 d - a scroll of noise {unknown}
 e - a scroll of magic mapping {unknown}
 k - a scroll of enchant armour {unknown}
 l - a scroll of enchant weapon {unknown}
 n - 3 scrolls of identify {unknown}
 p - a scroll of teleportation {unknown}
 q - a scroll of remove curse {unknown}
Potions
 h - a potion of cancellation
Comestibles
 b - a meat ration
 c - a bread ration


   Skills:
 + Level 3.7 Fighting
 + Level 3.0 Axes
 * Level 3.0 Armour
 + Level 2.5 Dodging
 + Level 0.2 Stealth
 + Level 2.9 Invocations


You had 4 spell levels left.
You didn't know any spells.

Dungeon Overview and Level Annotations

Branches:
Dungeon (3/15)

Altars:
Cheibriados
Kikubaaqudgha
Pakellas


Innate Abilities, Weirdness & Mutations

You are partially covered in yellow scales (AC +2).


Message History

It was a potion of cancellation.
You feel magically purged. The gnoll barely misses you.
The gnoll hits you but does no damage.
Drink which item? (? for menu, Esc to quit)
It was a potion of cure mutation.
It has a very clean taste.
The gnoll hits you but does no damage. The gnoll barely misses you.
You hit the gnoll.
The gnoll is heavily wounded.
You hit the gnoll.
The gnoll is moderately wounded.
The gnoll hits you but does no damage. The gnoll hits you with a spear.
* * * LOW HITPOINT WARNING * * *
Unknown command.
You closely miss the gnoll.
The gnoll is heavily wounded.
You hit the gnoll.
The gnoll is heavily wounded.
The gnoll hits you with a club.
* * * LOW HITPOINT WARNING * * *
The gnoll hits you with a spear.
You die...

##.###.# .#...
#......########.#.#+#
#....................
#......##..)......###
######.##............
#.#####.....###
#########(# #.....#
........g.## #.....#
###....@).# #....##
.......g...# #....#
####..$....# #....#
#.......# #....#
#.......# #....#
#.....#+## ####.#
#...(.# .# #...... .#
..


You could see 2 gnolls.

Vanquished Creatures
  Natasha (thrice) (D:2)
  Terence (D:2)
  Ijyb (D:2)
  2 gnolls (D:3)
  2 worms
  3 dart slugs (D:1)
  5 bat zombies (D:2)
  2 giant cockroaches
  4 hobgoblins
  3 jackals (D:3)
  3 quokkas
  2 ball pythons (D:1)
  6 bats
  4 giant newts (D:2)
  6 goblins
  5 kobolds
  5 rats
57 creatures vanquished.

Vanquished Creatures (others)
  A boulder beetle (D:2)
1 creature vanquished.

Grand Total: 58 creatures vanquished

Notes
Turn   | Place    | Note
--------------------------------------------------------------
     0 | Abyss:1  | Gargoyl the Demonspawn Abyssal Knight began the quest for the Orb.
     0 | Abyss:1  | Reached XP level 1. HP: 18/18 MP: 2/2
    24 | Abyss:1  | Noticed a neqoxec
    25 | D:1      | Escaped the Abyss
   193 | D:1      | Reached * piety under Lugonu
   243 | D:1      | Gained mutation: You are partially covered in yellow scales (AC +2). [demonic ancestry]
   243 | D:1      | Reached XP level 2. HP: 19/24 MP: 4/4
   498 | D:1      | Reached skill level 1 in Dodging
   855 | D:2      | Reached XP level 3. HP: 29/29 MP: 5/5
   915 | D:2      | Found a faded altar to an unknown god.
   917 | D:2      | Noticed Natasha
   935 | D:2      | Killed Natasha
  1241 | D:2      | Noticed Ijyb
  1260 | D:2      | Reached ** piety under Lugonu
  1287 | D:2      | Killed Ijyb
  1287 | D:2      | Reached XP level 4. HP: 32/35 MP: 6/6
  1345 | D:2      | Found an ancient bone altar of Kikubaaqudgha.
  1393 | D:2      | Noticed Terence
  1404 | D:2      | Killed Terence
  1517 | D:2      | Noticed Natasha
  1526 | D:2      | Killed Natasha
  1526 | D:2      | Reached XP level 5. HP: 25/41 MP: 7/7
  1621 | D:2      | Noticed Natasha
  1636 | D:2      | Killed Natasha
  1919 | D:2      | Found an oddly glowing altar of Pakellas.
  1920 | D:2      | Noticed a boulder beetle
  1930 | D:2      | Killed a boulder beetle
  2348 | D:3      | Found a snail-covered altar of Cheibriados.
  2606 | D:3      | Slain by a gnoll

Skill      XL: |  1  2  3  4  5 |
---------------+----------------+-----
Armour         | 2 3 |  3.0
Dodging        | 1 2 |  2.5
Axes           | 2 3 |  3.0
Fighting       | |  3.7
Stealth        | |  0.2
Invocations    | |  2.9

Action                   |  1- 3 |  4- 6 || total
-------------------------+-------+-------++-------
Melee: Hand axe          |   132 |    99 ||   231
Invok: Depart the Abyss  |     1 |       ||     1
  Use: Potion            |     1 |     2 ||     3
  Eat: Chunk             |     1 |     4 ||     5
Armor: Ring mail         |    74 |    46 ||   120
       Scale mail        |       |    67 ||    67
Dodge: Dodged            |    83 |    88 ||   171
